AoeStats
← 小尚

Arena

510394554Analyzed
4v4 RM · 1d ago on Sep 30, 2026· 60m 6s· 8 players
Game mode
Random Map
Map size
Large (8 player)
Population
200
Speed
Normal
Resources
Standard
Victory
Conquest
Starting age
Dark Age
Ending age
Imperial Age
RankedLock teamsTeams togetherTeam positionsShared explorationLock speedFull tech treeHidden civsTurbo modeCheats
Victory
Defeat
🇨🇦 Hindustanis · Canada
1313
+6
🇹🇼 Poles · Taiwan
1285
+7
🇨🇳 Koreans · China
1210
+10
🇦🇷 Turks · Argentina
1164
+11
🇹🇷 Goths · Türkiye
1168
-11
🇹🇷 Persians · Türkiye
1084
-9
🇹🇷 Aztecs · Türkiye
1005
-7
🇹🇷 Turks · Türkiye
1001
-7
STEALTH
11:39 Feudal Age
15:35 Castle Age
13:46 Double-Bit Axe
14:22 Horse Collar
15:18 Loom
16:35 Bow Saw
20:34 Wheelbarrow
20:01 Heavy Plow
24:14 Scale Barding Armor
24:54 Hand Cart
24:53 Forging
25:07 Husbandry
25:18 Bloodlines
25:32 Chain Barding Armor
25:58 Gold Mining
31:14 Imperial Age
29:41 Iron Casting
30:51 Gold Shaft Mining
30:07 Stone Mining
31:18 Heavy Camel Rider
32:35 Plate Barding Armor
33:19 Two-Man Saw
33:21 Blast Furnace
33:50 Stone Shaft Mining
33:08 Imperial Camel Rider
33:48 Town Watch
34:35 Block Printing
34:31 Fervor
34:48 Light Cavalry
36:19 Town Patrol
37:37 Hussar
39:13 Illumination
38:44 Herbal Medicine
39:25 Theocracy
42:34 Conscription
42:50 Hoardings
42:16 Grand Trunk Road
45:45 Elite Ghulam
46:36 Shatagni
46:43 Devotion
47:04 Sanctity
46:54 Redemption
49:37 Faith
53:59 Coinage
58:50 Banking
59:01 Onager
61:31 Chemistry
60:28 Murder Holes
小尚
9:34 Feudal Age
15:23 Castle Age
13:35 Horse Collar
13:56 Double-Bit Axe
17:06 Bow Saw
18:06 Stone Mining
22:04 Wheelbarrow
21:51 Gold Mining
24:07 Hand Cart
25:33 Gold Shaft Mining
28:43 Imperial Age
26:18 Fletching
26:38 Loom
27:20 Town Watch
27:33 Bodkin Arrow
28:08 Ballistics
28:00 Thumb Ring
28:16 Heavy Plow
28:50 Fortified Wall
30:37 Chemistry
30:58 Conscription
30:43 Bracer
33:33 Pikeman
34:32 Elite War Wagon
41:48 Masonry
41:47 Siege Engineers
43:21 Caravan
51:55 Architecture
Jerald
10:53 Feudal Age
15:32 Castle Age
13:46 Double-Bit Axe
14:09 Horse Collar
20:39 Bow Saw
21:46 Wheelbarrow
21:51 Heavy Plow
22:07 Stone Mining
23:06 Gold Mining
23:58 Forging
28:52 Imperial Age
26:44 Hand Cart
27:02 Scale Barding Armor
27:35 Husbandry
27:45 Bloodlines
27:19 Treadmill Crane
28:17 Iron Casting
27:57 Loom
29:49 Chain Barding Armor
29:11 Cavalier
30:53 Blast Furnace
30:33 Conscription
30:23 Szlachta Privileges
32:47 Lechitic Legacy
33:24 Masonry
33:38 Scale Mail Armor
33:53 Fortified Wall
34:57 Crop Rotation
35:04 Stone Shaft Mining
34:37 Light Cavalry
36:20 Chemistry
35:39 Chain Mail Armor
35:26 Squires
35:11 Arson
36:43 Hoardings
35:31 Elite Obuch
35:33 Winged Hussar
37:30 Ballistics
37:27 Fletching
37:38 Padded Archer Armor
38:06 Bodkin Arrow
38:36 Thumb Ring
37:52 Crossbowman
39:06 Thumb Ring
38:23 Arbalester
40:39 Leather Archer Armor
40:24 Bracer
42:36 Plate Mail Armor
42:15 Siege Engineers
42:06 Murder Holes
44:08 Heavy Mounted Crossbowman
Darmoran
12:24 Feudal Age
16:18 Castle Age
20:37 Imperial Age
18:54 Loom
19:13 Double-Bit Axe
21:02 Gold Mining
33:28 Horse Collar
35:48 Heavy Plow
36:01 Bow Saw
44:29 Wheelbarrow
44:32 Gold Shaft Mining
45:00 Two-Man Saw
50:28 Hand Cart
51:30 Stone Mining
57:39 Town Watch
Tuğrul
7:21 Loom
9:19 Loom
12:23 Feudal Age
13:35 Double-Bit Axe
14:16 Stone Mining
17:35 Castle Age
16:26 Wheelbarrow
16:32 Horse Collar
17:26 Gold Mining
22:32 Heavy Plow
24:54 Bow Saw
27:15 Stone Shaft Mining
30:20 Imperial Age
28:16 Hand Cart
29:33 Gold Shaft Mining
30:21 Scale Barding Armor
30:21 Elite War Elephant
34:17 Kamandaran
34:32 Forging
34:44 Chain Barding Armor
34:39 Bloodlines
34:07 Crossbowman
34:55 Thumb Ring
35:35 Fletching
36:14 Padded Archer Armor
36:48 Conscription
37:08 Iron Casting
38:59 Bodkin Arrow
46:03 Leather Archer Armor
47:25 Pikeman
49:16 Two-Man Saw
53:17 Ring Archer Armor
Oguzhan06
11:35 Feudal Age
12:04 Horse Collar
12:28 Double-Bit Axe
20:51 Castle Age
19:09 Stone Mining
20:02 Gold Mining
23:32 Heavy Plow
25:11 Gold Shaft Mining
29:55 Imperial Age
29:08 Caravan
29:11 Padded Archer Armor
29:02 Fletching
29:22 Forging
29:57 Wheelbarrow
32:15 Artillery
32:38 Bow Saw
34:31 Ballistics
34:31 Bombard Tower
35:46 Conscription
38:30 Bodkin Arrow
38:51 Leather Archer Armor
39:11 Iron Casting
38:02 Elite Janissary
43:24 Two-Man Saw
43:10 Ring Archer Armor
44:18 Bracer
45:19 Blast Furnace
46:56 Loom
46:57 Town Watch
47:30 Hand Cart
berker06ankara
10:48 Feudal Age
14:56 Castle Age
12:54 Horse Collar
14:47 Stone Mining
20:45 Double-Bit Axe
21:17 Fletching
21:40 Gold Mining
24:30 Padded Archer Armor
27:47 Wheelbarrow
27:23 Forging
27:01 Town Watch
27:02 Loom
35:52 Imperial Age
35:45 Atlatl
36:28 Leather Archer Armor
37:48 Iron Casting
38:38 Bow Saw
38:46 Bodkin Arrow
40:12 Elite Skirmisher
42:12 Scale Mail Armor
44:30 Squires
44:16 Arson
44:17 Gambesons
45:42 Pikeman
57:21 Imperial Age
55:35 Hand Cart
56:52 Heavy Plow
zeron
0:26 Loom
10:02 Feudal Age
14:40 Castle Age
12:37 Double-Bit Axe
16:03 Horse Collar
22:49 Heavy Plow
24:34 Bow Saw
30:56 Imperial Age
30:56 Squires
30:59 Anarchy
31:12 Scale Mail Armor
31:22 Forging
31:00 Pikeman
32:22 Halberdier
32:25 Man-at-Arms
33:48 Conscription
34:34 Chain Mail Armor
34:54 Iron Casting
35:58 Perfusion
36:00 Elite Huskarl
37:44 Blast Furnace
41:46 Two-Man Saw
56:14 Crop Rotation
57:14 Wheelbarrow
56:25 Town Watch
Connection lost

Rejoining the realm…

Still unreachable

The connection could not be restored.

Session expired

The server has moved on; the page needs a fresh start.